MAA
BATTLE GROUND AEROS @ HELENA GRIZZLIES
09/01/2019
 
TOP OF THE 1ST
Battle Ground Aeros batting - Pitching for Helena Grizzlies : RHP José Trujillo
Pitching: RHP José Trujillo
Batting: RHB Miguel Angel González 0-0: Ball
1-0: Ball
2-0: Ball
3-0: Called Strike
3-1: Swinging Strike
3-2: Ground out 6-3 (Groundball, 6)
Batting: RHB Dao-zi Dai 0-0: Ball
1-0: Ball
2-0: Called Strike
2-1: Ball
3-1: Ground out 5-3 (Groundball, 5)
Batting: RHB Jim Unknown 0-0: Ground out 6-3 (Groundball, 6)
Top of the 1st over - 0 run(s), 0 hit(s), 0 error(s), 0 left on base; Battle Ground 0 - Helena 0
BOTTOM OF THE 1ST
Helena Grizzlies batting - Pitching for Battle Ground Aeros : LHP Phil Hanson
Pitching: LHP Phil Hanson
Batting: RHB David Ramírez 0-0: SINGLE (Flyball, 78S)
Batting: LHB José Alonso 0-0: Called Strike
0-1: Fly out, F8 (Flyball, 8RM)
Batting: RHB Joe Chase 0-0: Grounds into double play, 1-6-3 (Groundball, 23)
Bottom of the 1st over - 0 run(s), 1 hit(s), 0 error(s), 0 left on base; Battle Ground 0 - Helena 0
TOP OF THE 2ND
Battle Ground Aeros batting - Pitching for Helena Grizzlies : RHP José Trujillo
Batting: RHB Wayne Cameron 0-0: Called Strike
0-1: Called Strike
0-2: Ball
1-2: Foul Ball, location: 2F
1-2: Strikes out looking
Batting: LHB Kenny Webster 0-0: Ball
1-0: Swinging Strike
1-1: Ball
2-1: Ball
3-1: SINGLE (Groundball, 25) (infield hit)
Batting: SHB Shawn Sánchez 0-0: Ball
1-0: Ball
2-0: Foul Ball, location: 2F
2-1: Called Strike
2-2: Foul Ball, location: 2F
2-2: Ball
3-2: Foul Ball, location: 2F
3-2: Fly out, F7 (Line Drive, 78M)
Batting: LHB Carlos Álvarez 0-0: Ball
1-0: Called Strike
1-1: Swinging Strike
1-2: Ground out 1-3 (Groundball, 15)
Top of the 2nd over - 0 run(s), 1 hit(s), 0 error(s), 1 left on base; Battle Ground 0 - Helena 0
BOTTOM OF THE 2ND
Helena Grizzlies batting - Pitching for Battle Ground Aeros : LHP Phil Hanson
Batting: RHB Pancho Salaedo 0-0: Called Strike
0-1: Ball
1-1: Fly out, F9 (Flyball, 89XD)
Batting: RHB Wilbur James 0-0: Ball
1-0: Fly out, F8 (Flyball, 8RS)
Batting: RHB Hank Kenney 0-0: Ball
1-0: SINGLE (Groundball, 6M)
Batting: RHB Dustin O'Quinlevan 0-0: Ball
1-0: Ball
2-0: SINGLE (Line Drive, 89S)
Hank Kenney to second
Runner from 2nd tries for 3rd, SAFE, no throw or cutoff
Batting: RHB Jeremy Murphy 0-0: Ball
1-0: Foul Ball, location: 2F
1-1: Fly out, F7 (Flyball, 7M)
Bottom of the 2nd over - 0 run(s), 2 hit(s), 0 error(s), 2 left on base; Battle Ground 0 - Helena 0
TOP OF THE 3RD
Battle Ground Aeros batting - Pitching for Helena Grizzlies : RHP José Trujillo
Batting: RHB Jim Unknown 0-0: Bunt missed!
0-1: SINGLE (Line Drive, 78S)
Batting: RHB Augusto Flores Pickoff Throw to First - Out!
0-0: Ball
1-0: Called Strike
1-1: Ball
2-1: Swinging Strike
2-2: Fly out, F9 (Flyball, 9M)
Batting: RHB Miguel Angel González 0-0: Ball
1-0: Ball
2-0: Ground out 5-3 (Groundball, 5)
Top of the 3rd over - 0 run(s), 1 hit(s), 0 error(s), 0 left on base; Battle Ground 0 - Helena 0
BOTTOM OF THE 3RD
Helena Grizzlies batting - Pitching for Battle Ground Aeros : LHP Phil Hanson
Batting: RHB Jack Glenn 0-0: Fly out, F9 (Flyball, 89M)
Batting: RHB David Ramírez 0-0: Ball
1-0: Foul Ball, location: 2F
1-1: Foul Ball, location: 2F
1-2: Foul Ball, location: 2F
1-2: Ground out 4-3 (Groundball, 4)
Batting: LHB José Alonso 0-0: Swinging Strike
0-1: SINGLE (Groundball, 5D)
Batting: RHB Joe Chase 0-0: Foul Ball, location: 2F
0-1: Foul Ball, location: 2F
0-2: Ball
1-2: Ground out 5-3 (Groundball, 56)
Bottom of the 3rd over - 0 run(s), 1 hit(s), 0 error(s), 1 left on base; Battle Ground 0 - Helena 0
TOP OF THE 4TH
Battle Ground Aeros batting - Pitching for Helena Grizzlies : RHP José Trujillo
Batting: RHB Dao-zi Dai 0-0: Ball
1-0: Ball
2-0: Ball
3-0: Called Strike
3-1: Fly out, F7 (Flyball, 7LM)
Batting: RHB Jim Unknown 0-0: Ball
1-0: Foul Ball, location: 2F
1-1: Ball
2-1: SOLO HOME RUN (Line Drive, 7D), Distance : 359 ft
Batting: RHB Wayne Cameron 0-0: Ball
1-0: Fly out, F7 (Line Drive, 7M)
Batting: LHB Kenny Webster 0-0: Swinging Strike
0-1: Ball
1-1: Swinging Strike
1-2: Foul Ball, location: 2F
1-2: SINGLE (Line Drive, 56D)
Batting: SHB Shawn Sánchez 0-0: Called Strike
0-1: Ball
1-1: Swinging Strike
1-2: Ball
2-2: Strikes out looking
Top of the 4th over - 1 run(s), 2 hit(s), 0 error(s), 1 left on base; Battle Ground 1 - Helena 0
BOTTOM OF THE 4TH
Helena Grizzlies batting - Pitching for Battle Ground Aeros : LHP Phil Hanson
Batting: RHB Pancho Salaedo 0-0: Ball
1-0: Ground out 6-3 (Groundball, 6)
Batting: RHB Wilbur James 0-0: Ball
1-0: Called Strike
1-1: Ball
2-1: Foul Ball, location: 2F
2-2: Fly out, F9 (Flyball, 9LM)
Batting: RHB Hank Kenney 0-0: Ball
1-0: Ball
2-0: SINGLE (Groundball, 6MD)
Batting: RHB Dustin O'Quinlevan 0-0: Foul Ball, location: 2F
0-1: Ball
1-1: Foul Ball, location: 2F
1-2: Strikes out swinging
Bottom of the 4th over - 0 run(s), 1 hit(s), 0 error(s), 1 left on base; Battle Ground 1 - Helena 0
TOP OF THE 5TH
Battle Ground Aeros batting - Pitching for Helena Grizzlies : RHP José Trujillo
Batting: LHB Carlos Álvarez 0-0: Ball
1-0: Fly out, F6 (Popup, 5D)
Batting: RHB Jim Unknown 0-0: SINGLE (Groundball, 6)
Batting: RHB Augusto Flores 0-0: Ball
1-0: Called Strike
1-1: Ball
2-1: Ball
3-1: Called Strike
3-2: Ground out 5-3 (Groundball, 5L)
Jim Unknown to second
Batting: RHB Miguel Angel González 0-0: Fly out, F2 (Popup, 25F)
Top of the 5th over - 0 run(s), 1 hit(s), 0 error(s), 1 left on base; Battle Ground 1 - Helena 0
BOTTOM OF THE 5TH
Helena Grizzlies batting - Pitching for Battle Ground Aeros : LHP Phil Hanson
Batting: RHB Jeremy Murphy 0-0: Ball
1-0: Ball
2-0: Ball
3-0: Called Strike
3-1: Called Strike
3-2: Foul Ball, location: 2F
3-2: Base on Balls
Batting: RHB Jack Glenn 0-0: Bunted foul
0-1: Ball
1-1: Ball
2-1: Sac Bunt - play at first, batter OUT! 1-4
Jeremy Murphy to second
Batting: RHB David Ramírez 0-0: Foul Ball, location: 2F
0-1: Ball
1-1: Fly out, F7 (Line Drive, 78M)
Batting: LHB José Alonso 0-0: Ball
1-0: Called Strike
1-1: Swinging Strike
1-2: Foul Ball, location: 2F
1-2: Ball
2-2: Ball
3-2: Ground out U3 (Groundball, 3L)
Bottom of the 5th over - 0 run(s), 0 hit(s), 0 error(s), 1 left on base; Battle Ground 1 - Helena 0
TOP OF THE 6TH
Battle Ground Aeros batting - Pitching for Helena Grizzlies : RHP José Trujillo
Batting: RHB Dao-zi Dai 0-0: Ball
1-0: Called Strike
1-1: Called Strike
1-2: Foul Ball, location: 2F
1-2: Ball
2-2: Foul Ball, location: 2F
2-2: Fly out, F9 (Flyball, 89M)
Batting: RHB Jim Unknown 0-0: Ball
1-0: Ball
2-0: Ball
3-0: Called Strike
3-1: SOLO HOME RUN (Line Drive, 8LXD), Distance : 440 ft
Batting: RHB Wayne Cameron 0-0: Ball
1-0: Foul Ball, location: 2F
1-1: Ball
2-1: Foul Ball, location: 2F
2-2: Strikes out swinging
Batting: LHB Kenny Webster 0-0: Ball
1-0: Ball
2-0: Called Strike
2-1: Ball
3-1: SINGLE (Line Drive, 6M)
Batting: SHB Shawn Sánchez 0-0: Ball
1-0: Fly out, F5 (Popup, 5)
Top of the 6th over - 1 run(s), 2 hit(s), 0 error(s), 1 left on base; Battle Ground 2 - Helena 0
BOTTOM OF THE 6TH
Helena Grizzlies batting - Pitching for Battle Ground Aeros : LHP Phil Hanson
Batting: RHB Joe Chase 0-0: Foul Ball, location: 2F
0-1: Ball
1-1: Swinging Strike
1-2: Strikes out swinging
Batting: RHB Pancho Salaedo 0-0: Ball
1-0: Swinging Strike
1-1: Ball
2-1: Foul Ball, location: 2F
2-2: Ball
3-2: Ground out 5-3 (Groundball, 56)
Batting: RHB Wilbur James 0-0: Fly out, F6 (Popup, 6D)
Bottom of the 6th over - 0 run(s), 0 hit(s), 0 error(s), 0 left on base; Battle Ground 2 - Helena 0
TOP OF THE 7TH
Battle Ground Aeros batting - Pitching for Helena Grizzlies : RHP José Trujillo
Batting: LHB Carlos Álvarez 0-0: Fly out, F6 (Popup, 4MD)
Batting: RHB Jim Unknown 0-0: Called Strike
0-1: SINGLE (Line Drive, 56D)
Batting: RHB Augusto Flores 0-0: Called Strike
0-1: Ball
1-1: Foul Ball, location: 2F
1-2: DOUBLE (Flyball, 78D)
Jim Unknown to third
Pitching: RHP Lou Armstrong
Pinch Hitting: RHB Jim Unknown 0-0: Intentional Walk
Batting: RHB Dao-zi Dai 0-0: Called Strike
0-1: Foul Ball, location: 2F
0-2: Strikes out looking
Batting: RHB Jim Unknown 0-0: Ball
1-0: Ball
2-0: Ball
3-0: Called Strike
3-1: Base on Balls
Jim Unknown scores
Augusto Flores to third
Jim Unknown to second
Batting: RHB Wayne Cameron 0-0: Swinging Strike
0-1: Called Strike
0-2: Ball
1-2: Ball
2-2: SINGLE (Line Drive, 6D)
Augusto Flores scores
Jim Unknown to third
Jim Unknown to second
Runner from 3rd tries for Home, SAFE, no throw or cutoff
Batting: LHB Kenny Webster 0-0: Called Strike
0-1: Called Strike
0-2: Strikes out swinging
Top of the 7th over - 3 run(s), 3 hit(s), 0 error(s), 2 left on base; Battle Ground 5 - Helena 0
BOTTOM OF THE 7TH
Helena Grizzlies batting - Pitching for Battle Ground Aeros : LHP Phil Hanson
Now at 2B: Jim Unknown
Batting: RHB Hank Kenney 0-0: Ball
1-0: Ball
2-0: Ball
3-0: Called Strike
3-1: TRIPLE (Line Drive, 3L)
Batting: RHB Dustin O'Quinlevan 0-0: Called Strike
0-1: Swinging Strike
0-2: Strikes out swinging
Batting: RHB Jeremy Murphy 0-0: Ball
1-0: Foul Ball, location: 2F
1-1: Called Strike
1-2: Ball
2-2: Foul Ball, location: 2F
2-2: Strikes out looking
Batting: RHB Jack Glenn 0-0: Swinging Strike
0-1: Ball
1-1: Swinging Strike
1-2: SINGLE (Groundball, 34D)
Hank Kenney scores
Batting: RHB David Ramírez 0-0: Ball
1-0: Ball
2-0: Called Strike
2-1: Fly out, F9 (Flyball, 9M)
Bottom of the 7th over - 1 run(s), 2 hit(s), 0 error(s), 1 left on base; Battle Ground 5 - Helena 1
TOP OF THE 8TH
Battle Ground Aeros batting - Pitching for Helena Grizzlies : RHP Lou Armstrong
Batting: SHB Shawn Sánchez 0-0: Swinging Strike
0-1: Ball
1-1: Foul Ball, location: 2F
1-2: SINGLE (Line Drive, 7S)
Batting: LHB Carlos Álvarez 0-0: Called Strike
Shawn Sánchez is caught stealing 2nd base
0-1: Called Strike
0-2: Ball
1-2: Strikes out swinging
Batting: RHB Jim Unknown 0-0: Ball
1-0: Swinging Strike
1-1: Foul Ball, location: 2F
1-2: Fly out, F8 (Flyball, 8RM)
Top of the 8th over - 0 run(s), 1 hit(s), 0 error(s), 0 left on base; Battle Ground 5 - Helena 1
BOTTOM OF THE 8TH
Helena Grizzlies batting - Pitching for Battle Ground Aeros : LHP Phil Hanson
Batting: LHB José Alonso 0-0: Ball
1-0: Fly out, F8 (Flyball, 8RM)
Batting: RHB Joe Chase 0-0: Ground out 1-3 (Groundball, 13S)
Batting: RHB Pancho Salaedo 0-0: Reached on Error, E9 (Flyball, 89M)
Batting: RHB Wilbur James 0-0: Ball
1-0: Called Strike
1-1: Fly out, F5 (Line Drive, 56)
Bottom of the 8th over - 0 run(s), 0 hit(s), 1 error(s), 1 left on base; Battle Ground 5 - Helena 1
TOP OF THE 9TH
Battle Ground Aeros batting - Pitching for Helena Grizzlies : RHP Lou Armstrong
Batting: RHB Augusto Flores 0-0: Called Strike
0-1: Foul Ball, location: 2F
0-2: Ball
1-2: Ball
2-2: Ball
3-2: Base on Balls
Batting: RHB Jim Unknown 0-0: Ball
1-0: Fly out, F5 (Popup, 7LSF)
Batting: RHB Dao-zi Dai 0-0: Ball
1-0: Called Strike
1-1: Ball
2-1: Foul Ball, location: 2F
2-2: Ball
3-2: Fly out, F9 (Flyball, 89M)
Batting: RHB Jim Unknown 0-0: Ball
1-0: Called Strike
1-1: Ball
2-1: Foul Ball, location: 2F
2-2: Ball
3-2: Base on Balls
Augusto Flores to second
Pitching: RHP Victor Powell
Batting: RHB Wayne Cameron 0-0: Called Strike
0-1: Foul Ball, location: 2F
0-2: Ball
1-2: Fly out, F9 (Flyball, 89M)
Top of the 9th over - 0 run(s), 0 hit(s), 0 error(s), 2 left on base; Battle Ground 5 - Helena 1
BOTTOM OF THE 9TH
Helena Grizzlies batting - Pitching for Battle Ground Aeros : LHP Phil Hanson
Pitching: RHP Rex Hood
Batting: RHB Hank Kenney 0-0: Ball
1-0: Ball
2-0: Foul Ball, location: 2F
2-1: Called Strike
2-2: Strikes out looking
Batting: RHB Dustin O'Quinlevan 0-0: Foul Ball, location: 2F
0-1: Ball
1-1: Foul Ball, location: 2F
1-2: Strikes out swinging
Batting: RHB Jeremy Murphy 0-0: Called Strike
0-1: Swinging Strike
0-2: Ball
1-2: Ground out 3-1 (Groundball, 34S)
Bottom of the 9th over - 0 run(s), 0 hit(s), 0 error(s), 0 left on base; Battle Ground 5 - Helena 1
This league is powered by Out of the Park Baseball, the baseball management simulation game for PC, Mac and Linux
Saturday, July 25th, 2015 - OOTP Baseball 15.6 Build 34